 Dungeon Crawl Stone Soup version 0.29-a0-824-gd827844252 (webtiles) character file.

Game seed: 2984139599818097847

68 buhh the Insei (level 4, -1/25 (29) HPs)
             Began as an Octopode Transmuter on July 9, 2022.
             Slain by a goblin
             ... wielding a +0 dagger
              (3 damage)
             ... on level 2 of the Dungeon.
             The game lasted 00:01:25 (1759 turns).

buhh the Insei (Octopode Transmuter)                Turns: 1759, Time: 00:01:26

HP:   -1/25 (29)    AC:  1    Str:  9    XL:     4   Next: 19%
MP:   5/7           EV: 17    Int: 17    God:
Gold: 56            SH:  0    Dex: 12    Spells: 4/7 levels left

rFire   . . .      SeeInvis .     - Unarmed
rCold   . . .      Faith    .   (no shield)
rNeg    . . .      Spirit   .   (helmet restricted)
rPois   .          Reflect  .   (no amulet)
rElec   .          Harm     .   e - +4 ring of evasion
rCorr   .          Rampage  .   (no ring)
Will    .....                   (no ring)
Stlth   +++.......              (no ring)
HPRegen 0.08/turn               (no ring)
MPRegen 0.10/turn               (no ring)
                                (no ring)
                                (no ring)

@: heavily drained
A: almost no armour, amphibious, 8 rings, camouflage 1, gelatinous body 1,
(nimble swimmer 1), tentacles
a: no special abilities


You were on level 2 of the Dungeon.
You visited 1 branch of the dungeon, and saw 2 of its levels.

You collected 56 gold pieces.

Inventory:

Missiles
 g - 2 poisoned darts
Jewellery
 e - a +4 ring of evasion (left tentacle)
Scrolls
 b - 3 scrolls of teleportation {unknown}
 c - 2 scrolls of amnesia {unknown}
 d - a scroll of enchant armour {unknown}
 f - a scroll of immolation {unknown}
 h - a scroll of blinking {unknown}


   Skills:
 + Level 2.0 Fighting
 + Level 2.7 Dodging
 - Level 2.0 Stealth
 + Level 3.5 Unarmed Combat
 - Level 2.0 Spellcasting
 - Level 2.0 Transmutations
 - Level 1.0 Poison Magic


You had 4 spell levels left.
You knew the following spells:

 Your Spells              Type           Power      Damage    Failure   Level
a - Beastly Appendage     Tmut           16%        N/A       9%          1
b - Wereblood             Tmut           8%         N/A       13%         2

Your spell library contained the following spells:

 Spells                   Type           Power      Damage    Failure   Level
 Apportation              Tloc           2%         N/A       19%         1
 Necrotise                Necr           4%         1d4       19%         1
 Summon Small Mammal      Summ           4%         N/A       19%         1
 Spider Form              Tmut/Pois      6%         N/A       30%         3
 Ignite Poison            Fire/Tmut/Pois 5%         N/A       36%         3
 Mephitic Cloud           Conj/Pois/Air  2%         N/A       45%         3
 Ice Form                 Ice/Tmut       5%         N/A       77%         4
 Freezing Cloud           Conj/Ice/Air   0%         6-21      99%         5


Dungeon Overview and Level Annotations

Branches:
Dungeon (2/15) Zot: 10246

Altars:

Annotations:
D:2 Ijyb


Innate Abilities, Weirdness & Mutations

You cannot wear most types of armour.
You are amphibious.
You can wear up to eight rings at the same time.
Your skin changes colour to match your surroundings (Stealth+).
Your rubbery body absorbs attacks. (AC +1, EV +1)
((You are camouflaged when in or above water. (Stealth+)))
You have tentacles for arms and can constrict up to eight enemies at once.


Message History

The goblin shouts!
You finish memorising.
Spell assigned to 'b'.
Really quaff the potion of lignification?
Your tentacle spike disappears.
You turn into a tree.
Your roots penetrate the ground.
The goblin hits you with a +0 club.
Your blood is infused with primal strength.
The goblin hits you but does no damage. x2; You feel drained.
The goblin hits you but does no damage.
You hit the goblin.
You kill the goblin!
The goblin hits you but does no damage.
You feel drained.
You hit the goblin.
You kill the goblin!
The goblin hits you but does no damage.
You feel drained.
You closely miss the goblin. The goblin hits you but does no damage.
You feel drained.
Ijyb zaps a wand.
The bolt of dispelling energy hits you but does no damage.
Your magical effects are unravelling.
You smack the goblin!
You kill the goblin!
You feel less wooden.
Your primal bloodlust has ended.
Ijyb barely misses you. The goblin closely misses you.
You completely miss Ijyb. You grab Ijyb. You constrict Ijyb.
Ijyb closely misses you. The goblin misses you.
You barely miss Ijyb. You squeeze Ijyb.
Ijyb is lightly wounded.
You constrict Ijyb, but do no damage. Ijyb misses you. The goblin misses you.
You tentacle-slap Ijyb. You squeeze Ijyb!
Ijyb is heavily wounded.
You constrict Ijyb, but do no damage. Ijyb hits you with a +3 club!
The goblin hits you with a +0 dagger. The goblin barely misses you.
You tentacle-slap Ijyb but do no damage.
Ijyb is heavily wounded.
You constrict Ijyb. Ijyb hits you with a +3 club!
* * * LOW HITPOINT WARNING * * *
The goblin hits you with a +0 club.
* * * LOW HITPOINT WARNING * * *
The goblin hits you with a +0 dagger.
You die...

#.######.##..### #..# #.#
#.##....#8.....8# #..# #.#
##.##....#.......# ...# #.#
##.#.####.#8.....8# #.##
#.# #.###.###.#.......# ..#
#.###^## ##.##.#8.....8#
#....## ##...#.......#
#####.## ##....#8g...[8#
##.###...)..@g.....#
##.#).....)gg.....#
########
##.#.......#########)......
#####...###.........######
#...# #.######### # ##.##
#.# #.####.# #......#
########


You could see Ijyb and 3 goblins.

Vanquished Creatures
  2 adders (D:2)
  A dart slug (D:1)
  5 ball pythons (D:1)
  2 endoplasms
  A giant cockroach (D:1)
  9 goblins
  6 hobgoblins
  2 jackals (D:1)
  2 quokkas
  2 bats (D:1)
  5 frilled lizards
  4 kobolds
  5 rats
46 creatures vanquished.

Notes
Turn   | Place    | Note
-------+----------+-------------------------------------------
     0 | D:1      | buhh the Octopode Transmuter began the quest for the Orb.
     0 | D:1      | Reached XP level 1. HP: 13/13 MP: 3/3
   108 | D:1      | Reached XP level 2. HP: 18/18 MP: 3/5
   592 | D:1      | Reached XP level 3. HP: 23/23 MP: 4/6
  1171 | D:2      | Found a faded altar of an unknown god.
  1331 | D:2      | Reached XP level 4. HP: 19/29 MP: 5/7
  1745 | D:2      | Noticed Ijyb
  1749 | D:2      | Learned a level 2 spell: Wereblood
  1759 | D:2      | Slain by a goblin

Illustrated notes

Levels and vault maps discovered:
D:1:      grunt_arrival_crossed_arrows, layout_loops_cross
D:2:      kennysheep_the_goblin_king, layout_loops_ring,
          ebering_ecumenical_altar_box, basic_altar

Skill      XL: |  1  2  3  4 |
---------------+-------------+-----
Stealth        | 1 2 |  2.0
Poison Magic   | 1 |  1.0
Fighting       | 2 |  2.0
Dodging        | |  2.7
Unarmed Combat | |  3.5
Spellcasting   | |  2.0
Transmutations | |  2.0

Action                   |  1- 3 |  4- 6 || total
-------------------------+-------+-------++-------
Melee: Unarmed           |    81 |    17 ||    98
       Tentacles         |    16 |     3 ||    19
       Constrict         |    23 |     5 ||    28
       Kick              |    20 |     2 ||    22
       Punch             |     1 |       ||     1
 Cast: Beastly Appendage |    26 |     4 ||    30
       Wereblood         |       |     1 ||     1
  Use: Potion            |       |     1 ||     1
 Stab: Sleeping          |     8 |       ||     8
Armor: Skin              |     9 |     7 ||    16
Dodge: Dodged            |    43 |    15 ||    58

Table legend: (Time is in decaauts)
 A = Elapsed time spent in this place.
 B = Non-inter-level travel time spent in this place.
 C = Inter-level travel time spent in this place.
 D = Time resting spent in this place.
 E = Time spent auto-exploring this place.
 F = Levels seen in this place.
 G = Mean time per level.
                   A        B        C        D        E       F      G
               +--------+--------+--------+--------+--------+-----+--------+
         Total |   1752 |   1740 |     12 |      0 |   1478 |   2 |  876.0 |
       Dungeon |   1752 |   1740 |     12 |      0 |   1478 |   2 |  876.0 |
               +--------+--------+--------+--------+--------+-----+--------+

Top non-repeatable levels by time:
     D:1: 1114 daAuts
     D:2: 638 daAuts
